Map: Neon Violet Square LE

Players

JohnSnow - Winner!

  • Race: Terran Terran
  • League: Gold
  • Spawn Location: 11:00

A.I. 1 (Harder)

  • Race: Terran Terran
  • Spawn Location: 5:00

VOD

Have the link to the VOD?

Description

Time

  • Played on: Jan. 16, 2018, 2:39 p.m.
  • Length: 14:56
Show
View Real Time Build Order
Export as new Build Order

JohnSnow Terran - Winner!

Build Orders:  

Get SALT Encoding   

  12  0:01  SCV  
  13  0:13  SCV  
  14  0:20  Supply Depot  
  14  0:28  SCV  
  15  0:42  SCV  
  16  0:46  Barracks  
  16  0:54  Refinery  
  16  0:55  SCV  
  17  1:07  SCV  
  18  1:19  SCV  
  19  1:35  Barracks  
  19  1:38  Orbital Command  
  19  1:40  Barracks Reactor  
  19  1:58  Command Center  
  19  2:04  SCV  
  20  2:16  SCV  
  20  2:22  Supply Depot  
  21  2:29  Marine x2  
  23  2:31  Supply Depot  
  23  2:34  Barracks Tech Lab  
  23  2:37  Factory  
  23  2:51  SCV  
  24  3:02  Marine x3  
  24  3:03  SCV  
  28  3:12  Orbital Command  
  28  3:15  SCV  
  28  3:19  Marine  
  29  3:21  Marauder  
  32  3:27  SCV  
  33  3:34  Marine  
  33  3:35  Bunker  
  33  3:37  Marine  
  35  3:42  Marauder, Starport  
  35  3:44  Factory Reactor  
  37  3:50  Refinery  
  37  3:52  SCV x2  
  39  4:04  Refinery  
  39  4:09  SCV x2  
  41  4:21  SCV x2  
  43  4:33  Supply Depot  
  43  4:39  Marine x3  
  43  4:44  Factory Tech Lab  
  46  4:47  Medivac  
  48  4:54  Supply Depot  
  48  4:56  Supply Depot  
  48  4:57  Marine, Marauder  
  51  5:00  SCV x2  
  53  5:12  SCV x2  
  55  5:15  Marine x2  
  55  5:17  Siege Tank  
  55  5:19  Supply Depot, Marauder  
  62  5:32  Command Center  
  62  5:33  Marine  
  62  5:35  SCV x2  
  65  5:43  Supply Depot  
  65  5:46  Marine  
  65  5:47  SCV x2  
  65  5:49  Siege Tank  
  71  5:53  Marine x2  
  73  5:59  SCV x2  
  75  6:13  Engineering Bay  
  75  6:17  Supply Depot  
  75  6:19  SCV x2  
  75  6:21  Marine x3, Siege Tank  
  83  6:31  SCV  
  83  6:32  SCV  
  87  6:40  Marauder  
  87  6:42  Terran Infantry Weapons Level 1  
  87  6:50  SCV x2, Barracks  
  90  6:56  Orbital Command  
  89  7:02  SCV  
  89  7:03  SCV  
  91  7:13  Supply Depot  
  91  7:19  Refinery  
  91  7:39  Barracks  
  91  7:53  Missile Turret  
  91  7:58  Missile Turret  
  91  8:00  SCV  
  91  8:01  SCV x2  
  91  8:02  Marine  
  91  8:03  Marine x2  
  97  8:05  Siege Tank  
  97  8:10  Barracks Reactor  
  97  8:12  Missile Turret  
  100  8:13  SCV x3  
  103  8:20  Marine  
  103  8:21  Marauder  
  103  8:25  Armory  
  106  8:29  Missile Turret  
  106  8:36  Terran Infantry Armor Level 1  
  106  8:37  Siege Tank  
  109  8:42  Marine x3, Marauder  
  109  8:47  Medivac x2  
  109  8:48  Starport  
  118  8:59  SCV x3  
  118  9:00  Marine x2  
  123  9:04  Marauder  
  125  9:24  Supply Depot  
  125  9:33  Terran Vehicle Weapons Level 1  
  125  9:44  Starport Tech Lab  
  125  9:45  SCV x3  
  125  9:46  Widow Mine, Supply Depot, Marauder  
  125  9:50  Fusion Core  
  132  9:58  SCV  
  133  10:08  Widow Mine, SCV x2  
  128  10:16  Missile Turret  
  128  10:18  Marine  
  128  10:19  Marine x5  
  134  10:30  Terran Infantry Weapons Level 2  
  134  10:36  Marine  
  135  11:27  Command Center, Terran Vehicle And Ship Armor Level 1  
  135  11:30  Marine x5  
  135  11:31  Marine  
  141  11:58  Marine, Medivac  
  141  12:02  Siege Tank  
  141  12:07  Marauder  
  141  12:08  Medivac, Supply Depot  
  140  12:09  Battlecruiser  
  128  12:28  Marauder  
  128  12:31  Supply Depot  
  128  12:34  Siege Tank  
  130  12:50  Marauder  
  130  12:58  Marine x5  
  134  13:07  Siege Tank  
  134  13:11  Marine  
  134  13:12  Medivac x2  
  140  13:14  Battlecruiser  
  140  13:16  Marine x3  
  149  13:22  Marine  
  149  13:23  Marine  
  150  13:28  Marine  
  150  13:33  Marine  
  150  13:34  Marine x2  
  149  13:39  Siege Tank  
  149  13:40  Marine x2  
  155  13:42  Medivac  
  155  13:46  Marine  
  155  13:51  Marine x2  
  155  13:52  Marine  
  157  13:58  Marine x2  
  155  14:04  Marine  
  155  14:09  Marine x3  
  158  14:16  Marine x2  
  161  14:19  Orbital Command  
  161  14:22  Marine  
  165  14:27  Marine x3  
  162  14:37  Marine x2  
Show
View Real Time Build Order
Export as new Build Order

A.I. 1 (Harder) Terran 

Build Orders: Bio Tank 

Get SALT Encoding   

  12  0:00  SCV  
  13  0:13  SCV  
  14  0:20  Supply Depot  
  14  0:25  SCV  
  15  0:42  SCV  
  16  0:45  Barracks  
  16  0:54  SCV  
  17  1:06  SCV  
  18  1:19  Command Center  
  18  1:31  Orbital Command  
  18  1:32  Marine  
  19  1:41  Supply Depot  
  19  1:47  Refinery  
  19  1:49  Marine  
  20  1:56  SCV  
  21  2:02  Barracks  
  21  2:08  Refinery  
  21  2:09  SCV  
  21  2:14  Marine  
  23  2:21  SCV  
  24  2:29  Supply Depot  
  24  2:33  Barracks Tech Lab  
  24  2:41  SCV  
  25  2:49  Marine  
  26  2:58  Refinery  
  26  3:00  Marine  
  27  3:07  SCV  
  27  3:10  SCV  
  27  3:12  Marine  
  30  3:15  Factory  
  30  3:24  Marauder  
  30  3:26  SCV  
  33  3:28  SCV  
  34  3:34  Barracks Tech Lab  
  34  3:38  SCV  
  34  3:40  SCV  
  36  3:50  SCV  
  36  3:52  SCV, Factory  
  38  3:58  Factory Tech Lab  
  38  4:05  Starport  
  38  4:14  Starport  
  38  4:18  Siege Tank  
  41  4:29  Refinery  
  41  4:30  Marauder  
  43  4:36  Factory Tech Lab  
  43  4:41  Reaper  
  43  4:43  Starport Tech Lab  
  44  4:46  SCV  
  44  4:48  Supply Depot  
  44  4:50  Starport Tech Lab  
  44  4:51  SCV  
  48  4:52  Hellion  
  48  4:59  SCV  
  49  5:02  Stimpack  
  49  5:03  SCV  
  49  5:04  Siege Tank  
  53  5:08  Combat Shields  
  53  5:11  SCV  
  54  5:15  SCV  
  55  5:21  Engineering Bay  
  55  5:23  SCV  
  56  5:30  Supply Depot  
  56  5:32  SCV  
  56  5:35  SCV  
  58  5:42  Marine  
  59  5:44  SCV  
  59  5:47  SCV, Terran Infantry Armor Level 1  
  61  5:53  Marine  
  61  5:56  SCV  
  63  5:58  Supply Depot  
  63  5:59  SCV  
  64  6:05  Marauder  
  64  6:08  SCV  
  67  6:17  Marauder  
  69  6:19  SCV  
  69  6:22  SCV  
  69  6:23  Supply Depot  
  71  6:27  Concussive Shells  
  71  6:28  Reaper  
  71  6:31  SCV  
  73  6:39  Viking  
  75  6:44  SCV  
  76  6:48  Supply Depot  
  76  6:51  Hellion  
  78  6:58  Missile Turret  
  78  7:02  Hellion, Missile Turret  
  78  7:04  Missile Turret  
  80  7:09  SCV, Raven  
  80  7:10  SCV  
  80  7:12  Missile Turret  
  80  7:13  Supply Depot  
  80  7:14  Siege Tank  
  87  7:19  Sensor Tower  
  87  7:21  SCV, Bunker  
  88  7:25  Siege Tank  
  88  7:28  Armory  
  91  7:32  Barracks  
  91  7:34  Raven  
  91  7:35  Bunker  
  93  7:40  Supply Depot  
  93  7:41  Terran Infantry Weapons Level 1  
  93  7:46  Siege Tank  
  96  8:19  Barracks Reactor  
  96  9:15  Medivac x2  
  96  9:16  Marine  
  101  9:18  Factory  
  101  9:20  Marine  
  102  9:24  Marine  
  102  9:25  Command Center, Starport  
  102  9:27  Supply Depot  
  102  9:28  Marine  
  102  9:29  Engineering Bay  
  104  9:33  Hellion  
  104  9:36  Terran Infantry Armor Level 2  
  106  9:40  Siege Tank  
  109  9:48  Raven  
  109  9:49  Medivac  
  109  9:50  Infernal Pre-Igniter  
  109  9:51  Supply Depot  
  113  9:54  Terran Infantry Weapons Level 2, Siege Tank  
  116  10:00  Terran Vehicle Weapons Level 1  
  116  10:01  Factory Tech Lab, Starport Reactor  
  112  10:11  Marine  
  112  10:12  Siege Tank  
  105  10:15  Marine, Supply Depot  
  105  10:20  Marine  
  107  10:24  Hellion  
  107  10:27  Ghost Academy  
  109  10:28  Marine  
  109  10:32  Marine  
  111  10:37  Marine, SCV  
  111  10:38  SCV x2  
  111  10:39  Fusion Core  
  111  10:42  Hellion  
  117  10:45  Marine  
  117  10:46  Refinery  
  117  10:49  SCV  
  119  10:51  SCV x2  
  119  10:52  Missile Turret  
  119  10:55  Missile Turret  
  121  10:57  Refinery  
  121  11:00  Armory  
  121  11:02  SCV  
  121  11:03  SCV  
  123  11:04  SCV  
  124  11:15  Bunker  
  124  11:53  SCV  
  124  11:54  SCV x2  
  122  11:55  Terran Vehicle And Ship Armor Level 1  
  122  11:59  Raven x2  
  122  12:00  Hellion  
  117  12:04  Marine  
  117  12:05  SCV  
  117  12:06  SCV  
  117  12:07  SCV  
  103  12:08  Siege Tank  
  103  12:12  Marine  
  95  12:17  Marine  
  95  12:18  SCV x2  
  95  12:19  SCV  
  95  12:21  Marine  
  87  12:25  Marine  
  79  12:30  SCV x2, Siege Tank  
  79  12:31  SCV  
  79  12:34  Marine  
  76  12:39  Marine  
  76  12:42  SCV x2, Raven  
  76  12:43  SCV, Marine  
  76  12:47  Marine  
  64  12:52  Marine  
  64  12:54  SCV x2  
  64  12:55  SCV  
  64  12:57  Marine  
  59  13:01  Hellion  
  59  13:04  Hellion  
  51  13:06  SCV x2  
  51  13:07  SCV, Hellion  
  51  13:09  Marine  
  51  13:12  Marine  
  40  13:15  Marine  
  40  13:17  Viking  
  40  13:19  Marine  
  40  13:26  SCV  
  41  13:27  Marine  
  41  13:30  Marine  
  41  13:33  Marine  
  45  13:34  Thor  
  45  13:37  Siege Tank  
  45  13:51  Command Center  
  36  14:02  SCV  
  25  14:03  Marine, SCV  
  25  14:04  Viking  
  29  14:10  Hellion  
Tags
 
Composition
Bio Tank
League
Gold
Matchup
TvT
Race
Terran
Spawn Locations
Cross Positions
Add a new tag
Caveats
  • Supply blocks, unpowered buildings, or Contaminate may cause inaccurate times.
  • Supply counts are checked every 10 seconds.